 Dungeon Crawl Stone Soup version 0.32-a0-818-gb728d0252e (webtiles) character file.

Game seed: 16280817458654825361

259 Bamboolord the Sneak (level 5, 0/37 HPs)
             Began as a Vampire Earth Elementalist on Mar 24, 2024.
             Slain by a river rat (4 damage)
             ... in a sewer.
             The game lasted 00:07:20 (2316 turns).

Bamboolord the Sneak (Vampire Earth Elementalist)   Turns: 2316, Time: 00:07:20

Health: 0/37       AC:  2    Str:  7    XL:     5   Next: 94%
Magic:  8/9        EV: 12    Int: 19    God:
Gold:   53         SH:  0    Dex: 15    Spells: 5/9 levels left

rFire   . . .        e - +0 dagger
rCold   . . .        (no shield)
rNeg    . . .        a - +0 robe
rPois   .            (no helmet)
rElec   .            (no cloak)
rCorr   .            (no gloves)
SInv    +            (no boots)
Will    .....        (no amulet)
Stlth   +++          l - +4 ring of slaying
HPRegen 0.46/turn    (no ring)
MPRegen 0.11/turn

%: no passive effects
@: healing quickly, hasted, very quick
A: alive, fangs 3, see invisible, vampiric 2
a: Exsanguinate


You were in a sewer.
You visited 1 branch of the dungeon, and saw 3 of its levels.
You also visited: Sewer.

You collected 113 gold pieces.
You spent 60 gold pieces at shops.

Inventory:

Hand Weapons
 e - a +0 dagger (weapon)
 g - a +1 dagger of holy wrath
Missiles
 c - 32 stones
Armour
 a - a +0 robe (worn)
Jewellery
 l - a +4 ring of slaying (left hand)
Scrolls
 h - a scroll of teleportation
 i - a scroll of poison
 j - a scroll of blinking
Potions
 d - a potion of brilliance {unknown}
 f - a potion of curing {unknown}
 k - a potion of haste


   Skills:
 + Level 1.5 Fighting
 + Level 3.1 Dodging
 * Level 5.6 Stealth
 + Level 2.7 Spellcasting
 * Level 2.1 Conjurations
 + Level 3.6 Earth Magic


You had 5 spell levels left.
You knew the following spells:

 Your Spells              Type           Power      Damage    Failure   Level
a - Sandblast             Erth           32%        2d9       3%          1
b - Stone Arrow           Conj/Erth      26%        3d8       14%         3

Your spell library contained the following spells:

 Spells                   Type           Power      Damage    Failure   Level
 Passwall                 Erth           16%        N/A       11%         3
 Brom's Barrelling Bould  Conj/Erth      13%        2d4       43%         4
 Petrify                  Alch/Erth      9%         N/A       58%         4


Dungeon Overview and Level Annotations

Branches:
Dungeon (3/15)              Sewer (1/1)

Altars:
Okawaru

Shops:
D:2 ?**??


Innate Abilities, Weirdness & Mutations

Your natural rate of healing is accelerated.
You have razor-sharp teeth.
You have supernaturally acute eyesight. (SInv)
You are afflicted with vampirism and can become a bat while bloodless.


Message History

The rat misses you.
You hit the river rat.
The river rat is lightly wounded.
The river rat bites you but does no damage.
You barely miss the river rat.
The river rat is lightly wounded.
The river rat bites you! The river rat barely misses you.
You barely miss the river rat.
The river rat is lightly wounded.
The river rat bites you but does no damage.
The river rat barely misses you.
You barely miss the river rat.
The river rat is lightly wounded.
The river rat bites you. x2
Aiming: Sandblast (safe; 3% risk of failure)
Press: ? - help, Q - select action, (/) - cycle Shift-Dir - straight line, f - river rat
Aim: a river rat (lightly wounded, 80% to hit)
The blast of sand hits the river rat!
You kill the river rat!
The river rat closely misses you. The river rat bites you.
The river rat attacks as it pursues you!
The river rat bites you!
* * * LOW HITPOINT WARNING * * *
You see here a rat corpse.
It was a potion of haste.
You feel yourself speed up.
The rat twitches its whiskers.
Magic courses through your body.
Aiming: Sandblast (safe; 3% risk of failure)
Press: ? - help, Q - select action, (/) - cycle Shift-Dir - straight line, f - river rat
Aim: a river rat (80% to hit)
The blast of sand hits the river rat but does no damage.
The river rat bites you!
* * * LOW HITPOINT WARNING * * *
Aiming: Sandblast (safe; 3% risk of failure)
Press: ? - help, Q - select action, (/) - cycle Shift-Dir - straight line, f/p - river rat
Aim: a river rat (80% to hit)
The blast of sand hits the river rat.
The river rat is moderately wounded.
The river rat bites you.
You die...

###
#@#
#r#
#r#
#r#
#.#
#.#
#∩#
#∩#
#.#


You could see 2 river rats and a rat.

Vanquished Creatures
  Sigmund (D:2)
  3 adders (D:2)
  A river rat (Sewer)
  2 dart slugs
  A ribbon worm (D:2)
  8 ball pythons
  10 endoplasms
  3 giant cockroaches (D:3)
  6 hobgoblins
  2 kobolds (D:1)
  5 quokkas
  A bat (D:1)
  2 frilled lizards (D:1)
  6 goblins
  6 rats
57 creatures vanquished.

Notes
Turn   | Place    | Note
-------+----------+-------------------------------------------
     0 | D:1      | Bamboolord the Vampire Earth Elementalist began the quest
                  | for the Orb.
     0 | D:1      | Reached XP level 1. HP: 13/13 MP: 3/3
   258 | D:1      | Reached skill level 1 in Conjurations
   258 | D:1      | Reached XP level 2. HP: 19/19 MP: 3/5
   783 | D:1      | Gained mutation: You are afflicted with vampirism and can
                  | become a bat while bloodless. [Vampire growth]
   783 | D:1      | Reached XP level 3. HP: 25/25 MP: 3/6
   787 | D:1      | Learned a level 3 spell: Stone Arrow
  1211 | D:2      | Found Cuokocu's Magic Scroll Shop.
  1236 | D:2      | Bought a scroll of teleportation for 39 gold pieces
  1248 | D:2      | Found Wudon's Magic Scroll Shoppe.
  1285 | D:2      | Found Yxiri's Assorted Antiques.
  1294 | D:2      | Bought a scroll labelled NYNOYSOVIME for 21 gold pieces
  1332 | D:2      | Reached skill level 4 in Stealth
  1459 | D:2      | Found an iron altar of Okawaru.
  1507 | D:2      | Reached XP level 4. HP: 27/31 MP: 2/7
  1588 | D:2      | Reached skill level 1 in Fighting
  1676 | D:2      | Found Pyunouge's Assorted Antiques.
  1786 | D:2      | Noticed Sigmund
  1787 | D:2      | Found Radit's Magic Scroll Boutique.
  1793 | D:2      | Killed Sigmund
  1794 | D:2      | Reached skill level 5 in Stealth
  1794 | D:2      | Reached XP level 5. HP: 9/37 MP: 2/9
  2260 | D:3      | Found a glowing drain.
  2297 | Sewer    | Entered a sewer
  2316 | Sewer    | Slain by a river rat

Illustrated notes

Levels and vault maps discovered:
D:1:      saegor_arrival_simple_d, layout_basic
D:2:      layout_loops_ring, serial_shops, shop, shop, nicolae_shop_peninsula,
          shop, nicolae_shop_stone, basic_altar, uniq_sigmund
D:3:      layout_basic, mainiacjoe_overflow_brackets, fedhas_altar_4,
          portal_sewer_entry_f, basic_ecumenical_altar, columned_hall_lemuel,
          minmay_stone_trees_small, minmay_pentangle, uniq_ijyb
Sewer:    sewer_kobolds

Skill      XL: |  1  2  3  4 |
---------------+-------------+-----
Conjurations   | 1 2 |  2.1
Stealth        | 4 5 |  5.6
Fighting       | 1 |  1.5
Dodging        | 3 |  3.1
Spellcasting   | |  2.7
Earth Magic    | |  3.6

Action                     |  1- 3 |  4- 6 || total
---------------------------+-------+-------++-------
  Melee: Dagger            |    16 |     9 ||    25
         Bite              |     2 |       ||     2
   Cast: Sandblast         |    51 |    28 ||    79
    Use: Scroll            |       |     2 ||     2
         Potion            |       |     2 ||     2
   Stab: Sleeping          |     4 |     1 ||     5
 Armour: Robe              |    14 |    17 ||    31
  Dodge: Dodged            |    13 |    24 ||    37

Table legend: (Time is in decaauts)
 A = Elapsed time spent in this place.
 B = Non-inter-level travel time spent in this place.
 C = Inter-level travel time spent in this place.
 D = Time resting spent in this place.
 E = Time spent auto-exploring this place.
 F = Levels seen in this place.
 G = Mean time per level.
                   A        B        C        D        E       F      G
               +--------+--------+--------+--------+--------+-----+--------+
         Total |   2354 |   2272 |     82 |    120 |   1687 |   4 |  588.5 |
       Dungeon |   2336 |   2254 |     82 |    120 |   1687 |   3 |  778.7 |
         Sewer |     18 |     18 |      0 |      0 |      0 |   1 |   18.0 |
               +--------+--------+--------+--------+--------+-----+--------+

Top non-repeatable levels by time:
     D:1: 1189 daAuts
     D:2: 1075 daAuts
     D:3: 71 daAuts
   Sewer: 18 daAuts
